[Event "Titled Tuesday Blitz June 28 Late 2022"]
[White "Lauridsen, Jesper Morch"]
[Black "Khan, Taffin"]
[WhiteFideId "1401890"]
[BlackFideId "19700024"]
[WhiteElo "2227"]
[BlackElo "1965"]
[Result "1-0"]
[Round "03"]
[TimeControl "180+1"]
[Date "2022.06.29"]
[WhiteClock "0:01:42"]
[BlackClock "0:00:43"]

1. e4 c5 2. d4 cxd4 3. c3 dxc3 4. Nxc3 Nc6 5. Nf3 d6 6. Bc4 e6 7. O-O Nf6 8. Bg5 Be7 9. Rc1 a6 10. Qe2 O-O 11. Rfd1 Qc7 12. a3 Bd7 13. Ba2 Rac8 14. Nd5 exd5 15. exd5 Qd8 16. dxc6 Bxc6 17. Nd4 Bd7 18. Rxc8 Bxc8 19. Re1 Re8 20. Bxf6 gxf6 21. Qh5 d5 22. Bb1 f5 23. Nxf5 Bg5 24. Rxe8+ Qxe8 25. Qxg5+ 1-0


[Site "https://www.chess.com"]

[Event "Titled Tuesday Blitz June 28 Late 2022"]
[White "Laurusas, Tomas"]
[Black "Vivas Zamora, Fabian Ernesto"]
[WhiteFideId "12803731"]
[BlackFideId "3902480"]
[WhiteElo "2442"]
[BlackElo "2014"]
[Result "1-0"]
[Round "03"]
[TimeControl "180+1"]
[Date "2022.06.28"]
[WhiteClock "0:00:27"]
[BlackClock "0:00:01"]

1. d4 Nf6 2. c4 g6 3. Nc3 d5 4. Bf4 Bg7 5. e3 O-O 6. Rc1 Nh5 7. Nxd5 c6 8. Bc7 Qd7 9. Bxb8 Rxb8 10. Nc3 b5 11. cxb5 cxb5 12. Be2 b4 13. Na4 e5 14. Nc5 Qd5 15. Nf3 exd4 16. O-O Qxa2 17. Nxd4 Qxb2 18. Bxh5 gxh5 19. Qxh5 Bxd4 20. exd4 Qxd4 21. Rfd1 Qg4 22. Qe5 Rb6 23. Rd3 Rg6 24. Rg3 Qf5 25. Qd4 a5 26. Ne4 Re8 27. Nf6+ Kf8 28. Qd6+ Kg7 29. Nxe8+ 1-0


[Site "https://www.chess.com"]

[Event "Titled Tuesday Blitz June 28 Late 2022"]
[White "Leiva, Gianmarco"]
[Black "Van Foreest, Jorden"]
[WhiteFideId "3804399"]
[BlackFideId "1039784"]
[WhiteElo "2323"]
[BlackElo "2609"]
[Result "0-1"]
[Round "03"]
[TimeControl "180+1"]
[Date "2022.06.28"]
[WhiteClock "0:00:32"]
[BlackClock "0:01:38"]

1. e4 g6 2. d4 Bg7 3. Nc3 d5 4. Nxd5 c6 5. Nc3 Qxd4 6. Qxd4 Bxd4 7. Nge2 Bg7 8. Be3 Nf6 9. f3 O-O 10. O-O-O b6 11. g4 Nbd7 12. Ng3 Nc5 13. h4 Nfd7 14. h5 Ne5 15. Be2 Be6 16. f4 Nxg4 17. Bxc5 bxc5 18. f5 Nf2 19. fxe6 Nxh1 20. Rxh1 Be5 21. Nf1 fxe6 22. Ne3 Bf4 23. Rh3 Rad8 24. Bg4 Kg7 25. Bxe6 Bxe3+ 0-1


[Site "https://www.chess.com"]

[Event "Titled Tuesday Blitz June 28 Late 2022"]
[White "Leve, Nitai"]
[Black "Deac, Bogdan-Daniel"]
[WhiteFideId "2006898"]
[BlackFideId "1226380"]
[WhiteElo "2144"]
[BlackElo "2648"]
[Result "0-1"]
[Round "03"]
[TimeControl "180+1"]
[Date "2022.06.28"]
[WhiteClock "0:00:01"]
[BlackClock "0:00:18"]

1. e4 c5 2. Nf3 d6 3. d4 cxd4 4. Qxd4 Nf6 5. Bg5 Nc6 6. Bb5 Qa5+ 7. Nc3 Qxb5 8. Nxb5 Nxd4 9. Nfxd4 Nxe4 10. Nc7+ Kd8 11. Nxa8 Nxg5 12. Nb5 a6 13. Nc3 Bd7 14. Nb6 Bc6 15. f3 g6 16. O-O-O Bg7 17. Ncd5 Ne6 18. c3 Re8 19. Rhe1 Nc7 20. Nb4 h5 21. Nxc6+ bxc6 22. Kc2 Ne6 23. Nc4 Kc7 24. Na5 Rb8 25. Nb3 Rb5 26. Re4 Bf6 27. Nd4 Nxd4+ 28. cxd4 c5 29. dxc5 Rxb2+ 30. Kc1 Rxa2 31. cxd6+ exd6 32. Rc4+ Kd7 33. Rc2 Ra3 34. f4 Bc3 35. Rxc3 Rxc3+ 36. Kb2 Rc4 37. g3 Re4 38. Rd2 h4 0-1


[Site "https://www.chess.com"]

[Event "Titled Tuesday Blitz June 28 Late 2022"]
[White "Maghsoodloo, Parham"]
[Black "Preotu, Razvan"]
[WhiteFideId "12539929"]
[BlackFideId "2613280"]
[WhiteElo "2607"]
[BlackElo "2407"]
[Result "1-0"]
[Round "03"]
[TimeControl "180+1"]
[Date "2022.06.28"]
[WhiteClock "0:00:36"]
[BlackClock "0:00:03"]

1. d4 Nf6 2. c4 g6 3. Nc3 d5 4. Nf3 Bg7 5. Bf4 O-O 6. e3 c5 7. dxc5 Qa5 8. Qd2 dxc4 9. Bxc4 Qxc5 10. Bb3 Nc6 11. Rd1 Bg4 12. h3 Bxf3 13. gxf3 Rfd8 14. Qe2 Rxd1+ 15. Nxd1 Nd5 16. Bg3 Rd8 17. O-O Na5 18. Bxd5 Qxd5 19. Nc3 Qc4 20. Qc2 b5 21. Rc1 b4 22. Ne4 Qxa2 23. Qc7 Rf8 24. Qxe7 Qxb2 25. Rc7 b3 26. Kg2 Qa1 27. Bd6 b2 28. Nf6+ Kh8 29. Be5 b1=Q 30. Bxa1 Qxa1 31. Nd7 Rg8 32. Qxf7 Qb2 33. Qd5 1-0


[Site "https://www.chess.com"]

[Event "Titled Tuesday Blitz June 28 Late 2022"]
[White "Maksimovic, Bojan"]
[Black "Cappelletto, Joshuaede"]
[WhiteFideId "14408120"]
[BlackFideId "2824383"]
[WhiteElo "2453"]
[BlackElo "1761"]
[Result "1-0"]
[Round "03"]
[TimeControl "180+1"]
[Date "2022.06.28"]
[WhiteClock "0:00:19"]
[BlackClock "0:00:17"]

1. Nf3 c5 2. g3 Nc6 3. Bg2 g6 4. O-O Bg7 5. c4 e5 6. Nc3 d6 7. d3 Nge7 8. Ne1 Be6 9. Nc2 d5 10. cxd5 Nxd5 11. Ne3 Nde7 12. a3 O-O 13. Rb1 a5 14. Nc4 Rb8 15. a4 Qd7 16. Nb6 Qd8 17. Nc4 b6 18. Nb5 Qd7 19. b3 Rfd8 20. Bb2 Nd4 21. Bxd4 exd4 22. Qd2 Nd5 23. Rbe1 Re8 24. e4 dxe3 25. fxe3 Nb4 26. Rd1 Rbd8 27. d4 Bxc4 28. bxc4 Bh6 29. Rfe1 cxd4 30. Qxd4 Qxd4 31. exd4 Rxe1+ 32. Rxe1 Nc2 33. Re7 Ne3 34. c5 bxc5 35. dxc5 Rd1+ 36. Kf2 Rd2+ 37. Kf3 Nxg2 38. c6 Rc2 39. c7 Ne1+ 40. Rxe1 Kg7 41. Re8 1-0


[Site "https://www.chess.com"]

[Event "Titled Tuesday Blitz June 28 Late 2022"]
[White "Manukyan, Artyom"]
[Black "Sailer, Mike"]
[WhiteFideId "13305786"]
[BlackFideId "2012901"]
[WhiteElo "2034"]
[BlackElo "2109"]
[Result "1-0"]
[Round "03"]
[TimeControl "180+1"]
[Date "2022.06.29"]
[WhiteClock "0:01:47"]
[BlackClock "0:00:01"]

1. e4 d5 2. exd5 Qxd5 3. Nf3 Bg4 4. Be2 Nc6 5. h3 Bh5 6. d4 O-O-O 7. c4 Qd7 8. d5 Bxf3 9. Bxf3 Ne5 10. O-O Nxf3+ 11. Qxf3 Nf6 12. Nc3 e6 13. Qe3 b6 14. Rd1 Bc5 15. Qe2 exd5 16. cxd5 Rhe8 17. Qa6+ Kb8 18. Nb5 Bxf2+ 19. Kh1 c6 20. Bf4+ Ka8 21. Nc7+ Qxc7 22. Bxc7 Rxd5 23. Rxd5 Nxd5 24. Bd6 f5 25. Qc4 Kb7 26. Rc1 Rc8 27. b4 b5 28. Qd3 Be3 29. Re1 f4 30. Qxh7 Bd4 31. Bc5 Bf6 32. Qf5 Rd8 33. Rd1 Re8 34. Qd7+ Nc7 35. Bd6 Rc8 36. a4 bxa4 37. Rc1 a3 38. Qxc6+ 1-0


[Site "https://www.chess.com"]

[Event "Titled Tuesday Blitz June 28 Late 2022"]
[White "Marin Ramirez, Gerardo"]
[Black "Jorquera, Marcelo"]
[WhiteFideId "3901068"]
[BlackFideId "3401197"]
[WhiteElo "1920"]
[BlackElo "2136"]
[Result "0-1"]
[Round "03"]
[TimeControl "180+1"]
[Date "2022.06.29"]
[WhiteClock "0:00:06"]
[BlackClock "0:01:12"]

1. d4 Nf6 2. Nf3 g6 3. c4 Bg7 4. Nc3 O-O 5. g3 d6 6. Bg2 Nc6 7. O-O e5 8. dxe5 Nxe5 9. Nxe5 dxe5 10. Qb3 c6 11. Rd1 Qe7 12. a4 a5 13. Qc2 Bf5 14. e4 Be6 15. b3 Rfd8 16. Ba3 Qc7 17. Bc5 Bf8 18. Bxf8 Kxf8 19. Qc1 Kg7 20. Qe3 Ng4 21. Qc5 b6 22. Qa3 Nf6 23. h3 Nd7 24. Bf1 Nc5 25. b4 axb4 26. Qxb4 Rd4 27. a5 Rb8 0-1


[Site "https://www.chess.com"]

[Event "Titled Tuesday Blitz June 28 Late 2022"]
[White "Meissner, Felix"]
[Black "Ardila, Oscar Humberto"]
[WhiteFideId "24671827"]
[BlackFideId "4404742"]
[WhiteElo "2350"]
[BlackElo "1956"]
[Result "1-0"]
[Round "03"]
[TimeControl "180+1"]
[Date "2022.06.29"]
[WhiteClock "0:01:22"]
[BlackClock "0:00:01"]

1. e4 e5 2. Nf3 Nf6 3. Nxe5 d6 4. Nd3 Nxe4 5. Qe2 Qe7 6. Nf4 Nf6 7. Nc3 c6 8. d4 Qxe2+ 9. Bxe2 Be7 10. d5 Bf5 11. Bd3 Bxd3 12. Nxd3 c5 13. b3 Kd7 14. Bf4 a6 15. a4 Nh5 16. Bd2 g6 17. O-O-O f5 18. Nb2 Bf6 19. Nc4 Kc7 20. a5 Nd7 21. g3 Rhe8 22. Rhe1 Bd4 23. f4 Nhf6 24. Re6 Bxc3 25. Bxc3 Ne4 26. Bb2 Rad8 27. Rxe8 Rxe8 28. Re1 b6 29. axb6+ Nxb6 30. Nxb6 Kxb6 31. c4 Kc7 32. Kc2 Kd7 33. Re2 Ra8 34. g4 a5 35. gxf5 gxf5 36. Rg2 Re8 37. Rg7+ Re7 38. Rxe7+ Kxe7 39. Bc1 Kd7 40. Kd3 Kc7 41. Ke3 Kb6 42. Kd3 Nf2+ 43. Ke2 Ne4 44. Kf3 a4 45. bxa4 Ka5 46. Kg2 Kxa4 47. Kh3 Kb4 48. Kh4 Kxc4 49. Kh5 Kxd5 50. Kh6 c4 51. Kxh7 Kd4 52. Kg6 Kd3 53. Kxf5 d5 54. h4 Ng3+ 55. Kg4 Ne2 56. h5 Nxc1 57. h6 Ne2 58. h7 c3 59. h8=Q c2 60. Qe5 c1=Q 61. Qxd5+ Nd4 62. Qg2 Qd1+ 63. Kg5 1-0


[Site "https://www.chess.com"]

[Event "Titled Tuesday Blitz June 28 Late 2022"]
[White "Mekhane, Adam"]
[Black "Schekachikhin, Maksim"]
[WhiteFideId "36050601"]
[BlackFideId "24177830"]
[WhiteElo "2002"]
[BlackElo "2239"]
[Result "0-1"]
[Round "03"]
[TimeControl "180+1"]
[Date "2022.06.29"]
[WhiteClock "0:00:02"]
[BlackClock "0:00:48"]

1. e4 c5 2. Nf3 a6 3. c4 Nc6 4. d4 cxd4 5. Nxd4 e6 6. Nc3 Qc7 7. Be3 Nf6 8. Be2 b6 9. O-O Bb7 10. f3 Ne5 11. b3 d6 12. Qd2 Be7 13. Kh1 O-O 14. g4 Rfe8 15. g5 Nfd7 16. h4 Nc6 17. Rg1 Nxd4 18. Bxd4 Rad8 19. h5 Ne5 20. Qe3 Nd7 21. Qf2 d5 22. cxd5 e5 23. Be3 Qxc3 24. g6 fxg6 25. hxg6 h6 26. d6 Bh4 27. Qxh4 Qxe3 28. Bc4+ Kh8 29. Raf1 Nf6 30. Bf7 Rf8 31. d7 Rxd7 32. Qxf6 Rdxf7 33. Qxf7 Rxf7 34. gxf7 Qf4 35. Rg2 Qxf7 36. Kh2 Bxe4 0-1


[Site "https://www.chess.com"]

[Event "Titled Tuesday Blitz June 28 Late 2022"]
[White "Mendez Fortes, Eduardo Jesus"]
[Black "Bjelobrk, Igor"]
[WhiteFideId "3502376"]
[BlackFideId "4300726"]
[WhiteElo "2321"]
[BlackElo "2335"]
[Result "0-1"]
[Round "03"]
[TimeControl "180+1"]
[Date "2022.06.29"]
[WhiteClock "0:00:08"]
[BlackClock "0:00:11"]

1. e4 e5 2. Nf3 Nc6 3. Bb5 a6 4. Ba4 Bc5 5. O-O Nge7 6. c3 Ng6 7. d4 Ba7 8. Bg5 f6 9. Be3 O-O 10. d5 Bxe3 11. dxc6 Bxf2+ 12. Rxf2 bxc6 13. Bb3+ Kh8 14. g3 Bb7 15. Na3 d5 16. Rd2 Ne7 17. Nc2 Qd6 18. Qe2 a5 19. a4 Ba6 20. Qe3 Rfb8 21. c4 d4 22. Qd3 c5 23. Rdd1 Qb6 24. Nd2 Bb7 25. Re1 Bc6 26. Re2 Nc8 27. Ne1 Nd6 28. Qc2 Rb7 29. Nd3 Rab8 30. Rae1 Qa7 31. Ba2 Re8 32. b3 Rbb8 33. Bb1 Re7 34. Nf2 Qb6 35. Qd3 Rbe8 36. g4 Nf7 37. h4 Nd8 38. Qg3 Ne6 39. Nd3 Rf7 40. Rg2 Ref8 41. Bc2 Bd7 42. Bd1 Qd6 43. Rf1 g6 44. Rgf2 Kg7 45. Nf3 Bc8 46. Qg2 Bd7 47. g5 fxg5 48. Nxg5 Rxf2 49. Rxf2 Nxg5 50. hxg5 Rxf2 51. Qxf2 Qe7 52. Qf6+ Qxf6 53. gxf6+ Kxf6 54. Nxc5 Bc6 55. Nd3 h5 56. Be2 Bxe4 57. b4 axb4 58. Nxb4 h4 59. a5 Ba8 60. a6 e4 61. Nd5+ Ke5 62. Nxc7 Bc6 63. a7 d3 64. Bd1 e3 65. a8=Q Bxa8 66. Nxa8 e2 67. Bxe2 dxe2 68. Kf2 h3 69. Nb6 h2 70. Nd7+ Kd4 71. Ne5 Kxe5 0-1


[Site "https://www.chess.com"]

[Event "Titled Tuesday Blitz June 28 Late 2022"]
[White "Nathan, Nitish"]
[Black "Sliwicki, Damian"]
[WhiteFideId "30927870"]
[BlackFideId "1127128"]
[WhiteElo "2242"]
[BlackElo "2081"]
[Result "1-0"]
[Round "03"]
[TimeControl "180+1"]
[Date "2022.06.29"]
[WhiteClock "0:02:06"]
[BlackClock "0:00:46"]

1. e4 e5 2. d4 exd4 3. Nf3 c5 4. c3 d5 5. exd5 Qxd5 6. cxd4 cxd4 7. Qxd4 Nf6 8. Nc3 Qe6+ 9. Be3 Nc6 10. Bb5 Bd7 11. Bxc6 Bxc6 12. O-O-O Be7 13. Ng5 Qf5 14. f3 O-O 15. g4 Qa5 16. h4 Rac8 17. Kb1 b5 18. h5 Qa4 19. Nxa4 bxa4 20. h6 g6 21. Ne4 Bxe4+ 22. fxe4 Bc5 23. Qxf6 1-0


[Site "https://www.chess.com"]

[Event "Titled Tuesday Blitz June 28 Late 2022"]
[White "Nikologorsky, Matfei"]
[Black "Manukian, Artak"]
[WhiteFideId "24102474"]
[BlackFideId "13301373"]
[WhiteElo "2231"]
[BlackElo "2474"]
[Result "1-0"]
[Round "03"]
[TimeControl "180+1"]
[Date "2022.06.29"]
[WhiteClock "0:00:20"]
[BlackClock "0:00:14"]

1. e4 c6 2. d4 d5 3. Nc3 dxe4 4. Nxe4 Nf6 5. Nxf6+ exf6 6. c3 Bd6 7. Bd3 Na6 8. Ne2 Nc7 9. Bf4 Nd5 10. Bxd6 Qxd6 11. O-O O-O 12. Qd2 Re8 13. Rae1 Bd7 14. Ng3 Rxe1 15. Rxe1 Re8 16. Rxe8+ Bxe8 17. Nf5 Qe6 18. g3 g6 19. Ne3 Nxe3 20. Qxe3 Bd7 21. b3 h5 22. Bc4 Qxe3 23. fxe3 g5 24. Kf2 Kg7 25. Bd3 f5 26. a4 a5 27. b4 axb4 28. cxb4 Kf6 29. h4 gxh4 30. gxh4 Be6 31. Kf3 Bb3 32. a5 Bd1+ 33. Kf4 Bg4 34. Bc4 Ke7 35. d5 Kd6 36. dxc6 Kxc6 37. b5+ Kc5 38. Bd3 f6 39. a6 bxa6 40. bxa6 Kb6 41. Bxf5 Be2 42. Bc8 Ka7 43. Bb7 Bg4 44. e4 Be6 45. Bd5 Bc8 46. Bc4 Kb6 47. Be2 Be6 48. Bxh5 Kxa6 49. Bg4 Bg8 50. Bf5 Kb6 51. h5 Kc5 52. h6 1-0


[Site "https://www.chess.com"]

[Event "Titled Tuesday Blitz June 28 Late 2022"]
[White "Nilsson, Joakim"]
[Black "Hua, Lefong"]
[WhiteFideId "1723383"]
[BlackFideId "2602253"]
[WhiteElo "2210"]
[BlackElo "2608"]
[Result "1-0"]
[Round "03"]
[TimeControl "180+1"]
[Date "2022.06.29"]
[WhiteClock "0:00:22"]
[BlackClock "0:00:12"]

1. d4 Nf6 2. Bf4 g6 3. Nc3 d5 4. e3 Bg7 5. h4 c6 6. Nf3 h6 7. Ne5 O-O 8. Bd3 Nfd7 9. Nxd7 Nxd7 10. h5 g5 11. Bg3 e5 12. Bf5 e4 13. Qd2 Nb6 14. Bxc8 Rxc8 15. b3 c5 16. Ne2 c4 17. O-O f5 18. a4 Nd7 19. Rfb1 b6 20. bxc4 Rxc4 21. a5 Qc8 22. c3 Qc6 23. axb6 axb6 24. Ra7 Ra8 25. Rba1 Rxa7 26. Rxa7 Ra4 27. Rxa4 Qxa4 28. Qb2 Qc6 29. Qa3 Nf6 30. Be5 Nxh5 31. Bxg7 Nxg7 32. Ng3 Qe6 33. Qa8+ Kh7 34. Qb8 Kg6 35. Qc7 Ne8 36. Qb8 Nf6 37. Qc7 h5 38. Nf1 h4 39. Nd2 f4 40. c4 fxe3 41. fxe3 dxc4 42. Nxc4 Nd5 43. Ne5+ Kh6 44. Qd8 Kg7 45. Qb8 Nxe3 46. Qc7+ Kh6 47. Qd8 Kg7 48. Qc7+ Kg8 49. Qd8+ Kg7 50. Qxg5+ Kf8 51. Qxe3 Qf5 52. Qf2 Qxf2+ 53. Kxf2 Ke7 54. Ke3 Ke6 55. Kxe4 b5 56. d5+ Kd6 57. Nd3 h3 58. gxh3 b4 59. Nxb4 1-0


[Site "https://www.chess.com"]

[Event "Titled Tuesday Blitz June 28 Late 2022"]
[White "Novikova, Galina"]
[Black "Brodowski, Piotr"]
[WhiteFideId "4157095"]
[BlackFideId "1124480"]
[WhiteElo "1863"]
[BlackElo "2431"]
[Result "0-1"]
[Round "03"]
[TimeControl "180+1"]
[Date "2022.06.29"]
[WhiteClock "0:00:08"]
[BlackClock "0:00:12"]

1. e4 d6 2. d4 Nf6 3. Nc3 g6 4. f3 a6 5. Be3 b5 6. Qd2 h6 7. O-O-O Bg7 8. Kb1 b4 9. Nce2 a5 10. g4 Ba6 11. Nc1 Bxf1 12. Rxf1 Nbd7 13. h3 Nb6 14. Qd3 Nfd7 15. f4 Qc8 16. f5 gxf5 17. Rxf5 e6 18. Rf2 Qa6 19. Qd1 Nc4 20. Qf3 Rf8 21. Nge2 c5 22. Rd1 a4 23. Nd3 b3 24. a3 bxc2+ 25. Kxc2 Rb8 26. Rb1 Qb6 27. Kd1 cxd4 28. Bf4 e5 29. Bc1 Qb3+ 30. Ke1 Nc5 31. Nxc5 Qxf3 32. Rxf3 dxc5 33. b3 Nd6 34. Kf2 Nxe4+ 35. Kg2 Nd6 36. b4 e4 37. Rf1 c4 38. Nf4 e3 39. Nd5 Kd7 40. Bxe3 dxe3 41. Nxe3 Rbe8 42. Rf3 Bd4 43. Nd5 Re2+ 44. Kh1 f5 45. gxf5 Rxf5 46. Rbf1 Rxf3 47. Rxf3 Re5 48. Nf4 Rf5 49. Kg2 c3 50. Rf1 c2 51. Rc1 Rxf4 52. Rxc2 Re4 53. Rd2 Nc4 54. Rd1 Ne3+ 55. Kf3 Nxd1 56. Kxe4 Bb2 57. Kd5 Bxa3 58. Kc4 Bxb4 59. Kxb4 Ke6 60. Kxa4 Kf5 61. Kb3 Kf4 62. Kc2 Ne3+ 63. Kd2 Ng2 64. Ke2 Kg3 65. Kf1 Kh2 66. Kf2 h5 67. Kf1 Nf4 68. Kf2 Nxh3+ 69. Kf1 h4 70. Ke2 Ng5 71. Kf1 h3 72. Kf2 Ne4+ 73. Kf1 Nf6 74. Kf2 Ng4+ 75. Kf1 Ne5 76. Kf2 Kh1 77. Kf1 Kh2 78. Kf2 Nd3+ 79. Kf1 Kh1 80. Ke2 Kg1 81. Kxd3 h2 82. Ke2 h1=Q 0-1


[Site "https://www.chess.com"]

[Event "Titled Tuesday Blitz June 28 Late 2022"]
[White "Omariev, Maksim"]
[Black "Rizzo, Tobias"]
[WhiteFideId "4193423"]
[BlackFideId "30942691"]
[WhiteElo "2455"]
[BlackElo "2270"]
[Result "0-1"]
[Round "03"]
[TimeControl "180+1"]
[Date "2022.06.29"]
[WhiteClock "0:00:01"]
[BlackClock "0:00:04"]

1. g4 e5 2. Bg2 d5 3. h3 c6 4. d4 Bd6 5. dxe5 Bxe5 6. Nf3 Bd6 7. c4 dxc4 8. Qd4 Bb4+ 9. Bd2 Bxd2+ 10. Nbxd2 Qxd4 11. Nxd4 Nf6 12. Nxc4 O-O 13. O-O-O Na6 14. Nd6 Rd8 15. Nxc8 Raxc8 16. e4 Nc5 17. e5 Nfe4 18. b4 Nc3 19. bxc5 Rxd4 20. Rxd4 Ne2+ 21. Kd2 Nxd4 22. Rb1 Rc7 23. Ke3 Ne6 24. Rc1 g5 25. Be4 h6 26. h4 Kf8 27. h5 Ke7 28. Bf5 Nf4 29. Rd1 Nd5+ 30. Kd4 Nf4 31. Ke4 Nd5 32. Kd4 Nf4 33. Kc4 Nd5 34. Rd3 f6 35. e6 Nf4 36. Rd6 Nd5 37. Kd4 Nf4 38. Ke4 b6 39. cxb6 axb6 40. Rd2 Nxe6 41. Rb2 b5 42. Kd3 Nc5+ 43. Kd4 Na4 44. Re2+ Kf7 45. Re6 Nb6 46. Rd6 Nc4 47. Rd8 c5+ 48. Kd5 Kg7 0-1


[Site "https://www.chess.com"]

[Event "Titled Tuesday Blitz June 28 Late 2022"]
[White "Oparin, Grigoriy"]
[Black "Acosta, Pablo Ismael"]
[WhiteFideId "24125890"]
[BlackFideId "124311"]
[WhiteElo "2639"]
[BlackElo "2313"]
[Result "1-0"]
[Round "03"]
[TimeControl "180+1"]
[Date "2022.06.28"]
[WhiteClock "0:01:02"]
[BlackClock "0:00:14"]

1. e4 e6 2. d4 d5 3. Nc3 Nf6 4. e5 Nfd7 5. f4 c5 6. Nf3 Nc6 7. Be3 a6 8. Qd2 cxd4 9. Nxd4 Bc5 10. O-O-O Bxd4 11. Bxd4 Qa5 12. Kb1 b5 13. h4 b4 14. Ne2 Nc5 15. h5 h6 16. Qe3 Ne4 17. Bb6 Qa4 18. Ng3 Nxg3 19. Qxg3 O-O 20. Be3 d4 21. Bc1 f5 22. exf6 Rxf6 23. Bc4 Bd7 24. f5 Qa5 25. Qd6 Ne5 26. Bb3 Kh8 27. Rhe1 Rxf5 28. g4 Nxg4 29. Qxd7 Nf6 30. Qxe6 Rxh5 31. Rxd4 Rf8 32. Rf4 Qc5 33. Ref1 Re5 34. Qxa6 Qe7 35. a3 bxa3 36. bxa3 Rb8 37. Bb2 Reb5 38. Rxf6 Rxb3 39. cxb3 Rxb3 40. Rxh6+ Kg8 41. Qc8+ 1-0


[Site "https://www.chess.com"]

[Event "Titled Tuesday Blitz June 28 Late 2022"]
[White "Oye-Stromberg, Alexander"]
[Black "Gokerkan, Cem Kaan"]
[WhiteFideId "1525999"]
[BlackFideId "6336760"]
[WhiteElo "2492"]
[BlackElo "2710"]
[Result "0-1"]
[Round "03"]
[TimeControl "180+1"]
[Date "2022.06.29"]
[WhiteClock "0:00:12"]
[BlackClock "0:00:18"]

1. d4 g6 2. c4 Bg7 3. e4 Nc6 4. Nf3 d6 5. d5 Nb8 6. Nc3 Nf6 7. Be2 O-O 8. Be3 c6 9. O-O Nbd7 10. Nd4 Qc7 11. f4 Nc5 12. Bf3 a5 13. Rc1 e5 14. fxe5 dxe5 15. Nde2 Na6 16. c5 Ng4 17. Bxg4 Bxg4 18. d6 Qd8 19. Na4 Be6 20. Nb6 Ra7 21. Nc3 Nb8 22. a3 f5 23. Qd2 f4 24. Bf2 g5 25. Rfd1 Rf6 26. d7 Bf8 27. Ncd5 cxd5 28. exd5 Bg4 29. Re1 Nxd7 30. Nxd7 Qxd7 31. c6 bxc6 32. Bxa7 Qxa7+ 33. Qf2 Qxf2+ 34. Kxf2 cxd5 35. Rxe5 Rf5 36. Rxf5 Bxf5 37. Rc7 a4 38. g3 fxg3+ 39. hxg3 d4 40. Ke2 d3+ 41. Kd2 Bg6 42. Rc4 Bd6 43. g4 Bf4+ 44. Kd1 Be8 45. Rc8 Kf7 46. Rd8 d2 47. Rd4 Ke7 48. Re4+ Kd8 49. Rd4+ Bd7 50. Rd3 Kc7 51. Rc3+ Kb6 0-1


[Site "https://www.chess.com"]

[Event "Titled Tuesday Blitz June 28 Late 2022"]
[White "Ozates, Tuna"]
[Black "Jaracz, Pawel"]
[WhiteFideId "6354521"]
[BlackFideId "1102222"]
[WhiteElo "2474"]
[BlackElo "2653"]
[Result "0-1"]
[Round "03"]
[TimeControl "180+1"]
[Date "2022.06.29"]
[WhiteClock "0:00:03"]
[BlackClock "0:00:36"]

1. e4 c5 2. Nf3 e6 3. d4 cxd4 4. Nxd4 a6 5. c4 Nf6 6. Nc3 Bb4 7. Bd3 Nc6 8. Be3 Ne5 9. O-O O-O 10. h3 d6 11. f4 Nxd3 12. Qxd3 Bxc3 13. bxc3 Nd7 14. Nb3 Qc7 15. Rfd1 Nf6 16. c5 d5 17. e5 Nd7 18. c4 dxc4 19. Qxc4 Nb6 20. Qe4 Nd5 21. Rac1 Bd7 22. Nd4 Bc6 23. f5 Nc3 24. Qg4 Nxd1 25. f6 g6 26. Qg5 Kh8 27. Rxd1 Rad8 28. Rf1 Rd5 29. Qh6 Rg8 30. Nf3 Rxe5 31. Ng5 Rxg5 32. Qxg5 Qd7 33. Rf4 Qd5 34. Qxd5 Bxd5 35. Bd4 g5 36. Rf2 h6 37. Rb2 Kh7 38. Rb6 Bc6 39. Be5 Kg6 40. Rb2 Rd8 41. Rf2 Rd5 42. Bd6 h5 43. Be7 h4 44. Kf1 Rd3 45. Re2 Rg3 46. Kf2 Rxg2+ 47. Ke1 Rxe2+ 48. Kxe2 Bg2 49. Ke3 Bxh3 0-1


[Site "https://www.chess.com"]

[Event "Titled Tuesday Blitz June 28 Late 2022"]
[White "Pakleza, Zbigniew"]
[Black "Petrovic, Aleksa"]
[WhiteFideId "1119290"]
[BlackFideId "967629"]
[WhiteElo "2816"]
[BlackElo "2501"]
[Result "1-0"]
[Round "03"]
[TimeControl "180+1"]
[Date "2022.06.29"]
[WhiteClock "0:00:09"]
[BlackClock "0:00:06"]

1. d4 Nf6 2. Nf3 e6 3. Bf4 c5 4. c3 Qb6 5. Qb3 Nc6 6. e3 Qxb3 7. axb3 Nh5 8. Bg3 Nxg3 9. hxg3 a6 10. Nbd2 d5 11. dxc5 Bxc5 12. b4 Ba7 13. b5 axb5 14. Bxb5 Bd7 15. Nb3 Ke7 16. Kd2 Ne5 17. Nxe5 Bxb5 18. Nd4 Be8 19. Ra3 f6 20. Nd3 e5 21. Nf5+ Kd7 22. Rha1 Bg6 23. Nh4 Be4 24. f3 g5 25. fxe4 dxe4 26. Nf5 Ke6 27. g4 Bxe3+ 28. Kxe3 Rxa3 29. Nc5+ Kd5 30. Rxa3 Kxc5 31. Kxe4 h5 32. gxh5 Rxh5 33. Rb3 Rh2 34. Ne3 Rh4+ 35. g4 b5 36. Ra3 Rh2 37. b4+ Kb6 38. Ra8 Rf2 39. Rb8+ Kc6 40. Rf8 Rf4+ 41. Kd3 e4+ 42. Kd4 Kd6 43. Nf5+ Ke6 44. Ne3 Rf3 45. Re8+ Kf7 46. Rxe4 Rf2 47. c4 bxc4 48. Nxc4 Rc2 49. b5 Rc1 50. b6 Rb1 51. Kc5 Kg6 52. Re2 f5 53. gxf5+ Kxf5 54. Rb2 Re1 55. b7 Re8 56. Nd6+ 1-0


[Site "https://www.chess.com"]

[Event "Titled Tuesday Blitz June 28 Late 2022"]
[White "Papp, Levente"]
[Black "Abdrlauf, Elham"]
[WhiteFideId "751243"]
[BlackFideId "1533533"]
[WhiteElo "2308"]
[BlackElo "2403"]
[Result "0-1"]
[Round "03"]
[TimeControl "180+1"]
[Date "2022.06.28"]
[WhiteClock "0:00:02"]
[BlackClock "0:00:06"]

1. c4 e5 2. g3 Nf6 3. Bg2 c6 4. Nf3 e4 5. Nd4 d5 6. d3 Bb4+ 7. Bd2 Bxd2+ 8. Qxd2 exd3 9. cxd5 O-O 10. Qxd3 cxd5 11. O-O Nc6 12. Nc3 Qb6 13. Nb3 Be6 14. Na4 Qc7 15. Rac1 Rad8 16. Nd4 Qd6 17. Nc5 Bc8 18. Nxc6 bxc6 19. Rfd1 Rfe8 20. Rd2 h5 21. Qd4 Qe7 22. Nb3 Ne4 23. Bxe4 dxe4 24. Qe3 Qf6 25. Rcd1 Rd5 26. Qc3 Qxc3 27. bxc3 Bg4 28. Rxd5 cxd5 29. Rxd5 Bxe2 30. Nd4 Bc4 31. Rxh5 Rb8 32. Nb3 Rd8 33. Nd4 Rb8 34. Nb3 Rb7 35. Re5 Bd3 36. c4 f6 37. Rc5 Bb1 38. Rc8+ Kh7 39. Kf1 Bxa2 40. Nd4 Rb1+ 41. Ke2 Rb4 42. Nb5 Bxc4+ 43. Ke3 Bxb5 44. Kf4 a5 45. h4 a4 46. Ra8 e3+ 47. Kxe3 Rb3+ 48. Kf4 a3 49. h5 Rb4+ 50. Ke3 Ra4 51. Rb8 a2 0-1


[Site "https://www.chess.com"]

[Event "Titled Tuesday Blitz June 28 Late 2022"]
[White "Perske, Thore"]
[Black "Xie, Bryan"]
[WhiteFideId "12902195"]
[BlackFideId "30941296"]
[WhiteElo "2315"]
[BlackElo "1899"]
[Result "1-0"]
[Round "03"]
[TimeControl "180+1"]
[Date "2022.06.29"]
[WhiteClock "0:00:10"]
[BlackClock "0:00:01"]

1. e4 c5 2. Nf3 e6 3. d4 cxd4 4. Nxd4 Nc6 5. Nc3 Qc7 6. Be3 a6 7. Qf3 Nf6 8. O-O-O Ne5 9. Qg3 b5 10. f4 Neg4 11. Bg1 h5 12. e5 b4 13. Na4 Nd5 14. h3 Nh6 15. Bd3 Bb7 16. Kb1 g6 17. Bf2 Nf5 18. Bxf5 gxf5 19. Be1 Bh6 20. Bd2 O-O-O 21. Qf2 Kb8 22. Rhg1 Rhg8 23. g3 Rc8 24. Rc1 d6 25. exd6 Qxd6 26. Nf3 f6 27. Rge1 Rce8 28. Nc5 Bc8 29. Nd3 Bf8 30. Be3 Nxe3 31. Rxe3 Bb7 32. Rce1 Rg7 33. b3 Rge7 34. Qd2 Bg7 35. Qxb4 Qxb4 36. Nxb4 e5 37. Nh4 a5 38. Nd3 Bc8 39. Ng6 Re6 40. fxe5 fxe5 41. Ngxe5 Ba6 42. Nc4 Rxe3 43. Rxe3 1-0


[Site "https://www.chess.com"]